 Dungeon Crawl Stone Soup version 0.20.1-1-g8b1a95d (webtiles) character file.

3271 equalderp2856 the Cleaver (level 9, -3/78 HPs)
             Began as a Minotaur Fighter on Sept 26, 2017.
             Killed by divine providence
             ... invoked by an orc priest
              (17 damage)
             ... on level 8 of the Dungeon.
             The game lasted 00:16:15 (7348 turns).

equalderp2856 the Cleaver (Minotaur Fighter)        Turns: 7348, Time: 00:16:15

Health: -3/78      AC: 16    Str: 22    XL:     9   Next: 68%
Magic:  17/17      EV:  6    Int:  6    God:
Gold:   343        SH: 11    Dex: 11    Spells: 8/8 levels left

rFire    . . .     SeeInvis +   a - +1 war axe
rCold    . . .     Gourm    .   c - +0 shield
rNeg     . . .     Faith    .   n - +0 plate armour
rPois    .         Spirit   .   L - +0 hat
rElec    .         Reflect  .   (no cloak)
rCorr    .         Harm     .   x - +1 pair of gloves
MR       .....                  (no boots)
Stlth    ..........             (no amulet)
Regen    0.3/turn               r - ring of see invisible
MPRegen  0.2/turn               w - ring of magical power

@: lethally poisoned (-3 -> -38), about to teleport, starving
A: retaliatory headbutt, horns 2
a: no special abilities


You were on level 8 of the Dungeon.
You were starving.

You visited 1 branch of the dungeon, and saw 8 of its levels.
You also visited: Sewer.

You collected 357 gold pieces.
You spent 14 gold pieces at shops.

Inventory:

Hand Weapons
 a - a +1 war axe (weapon)
 K - a +0 shortbow
Armour
 b - a +0 scale mail
 c - a +0 shield (worn)
 n - a +0 plate armour (worn)
 x - a +1 pair of gloves (worn)
 L - a +0 hat (worn)
Jewellery
 o - an uncursed ring of teleportation
 r - a ring of see invisible (left hand)
 w - a ring of magical power (right hand)
 H - a -3 ring of slaying
Scrolls
 h - 6 scrolls of identify
 p - a scroll of enchant weapon
 y - a scroll of fear
 A - 3 scrolls of teleportation
 D - a scroll of blinking
Potions
 d - 3 potions of might
 e - a potion of berserk rage {unknown}
 j - 3 potions of flight
 q - 4 potions of heal wounds
 v - 4 potions of curing
 B - a potion of magic {unknown}
 C - 2 potions of brilliance {unknown}
 F - 2 potions of degeneration
 G - a potion of haste {unknown}
 J - a potion of agility {unknown}
Books
 g - a Young Poisoner's Handbook

   Spells                             Type                      Level
   a - Sting                          Conjuration/Poison           1
   b - Poisonous Vapours              Poison/Air                   2
   c - Mephitic Cloud                 Conjuration/Poison/Air       3
   d - Olgreb's Toxic Radiance        Poison                       4
   e - Venom Bolt                     Conjuration/Poison           5
 E - a book of Conjurations

   Spells                             Type                      Level
   a - Magic Dart                     Conjuration                  1
   b - Searing Ray                    Conjuration                  2
   c - Dazzling Spray                 Conjuration/Hexes            3
   d - Fulminant Prism                Conjuration/Hexes            4
   e - Force Lance                    Conjuration/Translocation    4
   f - Iskenderun's Mystic Blast      Conjuration                  4
Comestibles
 f - 2 bread rations
 s - 2 royal jellies
 z - 2 meat rations


   Skills:
 + Level 6.8 Fighting
 + Level 10.3 Axes
 + Level 8.4 Armour
 + Level 2.5 Dodging
 + Level 0.6 Stealth
 + Level 8.9 Shields


You had 8 spell levels left.
You didn't know any spells.

Dungeon Overview and Level Annotations

Branches:
Dungeon (8/15)             Temple (0/1) D:6
   Lair: D:8-11

Altars:
Ashenzari
Hepliaklqana
Ru
Trog
Xom
The Shining One

Shops:
D:7 !

Annotations:
D:3 Ymberti's ghost, amateur DEFE


Innate Abilities, Weirdness & Mutations

You reflexively headbutt those who attack you in melee.
You have a pair of horns on your head.


Message History

As you read the scroll of teleportation, it crumbles to dust.
You feel strangely unstable.
You feel sick. The killer bee barely misses you.
You block the killer bee's attack. You block the queen bee's attack.
You block the killer bee's attack.
Unknown command.
You hit the killer bee.
The killer bee is heavily wounded.
Your shield and plate armour prevent you from hitting the queen bee.
You feel sick. The killer bee stings you!
* * * LOW HITPOINT WARNING * * *
The killer bee stings you.
* * * LOW HITPOINT WARNING * * *
The queen bee stings you.
* * * LOW HITPOINT WARNING * * *
You are lethally poisoned!
The queen bee poisons you!
The killer bee stings you but does no damage.
The orc priest mumbles some strange prayers to Beogh against you.
Beogh smites you!
You die...

#.#.#.# ##.#.#.#
#####....#.#
#......ooo.#
#.###..oo###
##.#o# < #.#Y# ##
#.#y# 8 #.#@# #
#y#y# # #.#.# #
############.#.#
###..............#
...............###
################


You could see a queen bee, an ice beast, a killer bee (berserk), an orc priest,
an orc wizard and 4 orcs.

Vanquished Creatures
  The ghost of Frank the Skirmisher, a novice OpFi of Dithmenos (D:6)
  A hippogriff (D:7)
  A hungry ghost (D:8)
  Duvessa (D:7)
  A sky beast (D:8)
  An eye of draining (D:8)
  A phantom (D:6)
  3 ogres
  A necrophage (D:6)
  2 centaurs
  3 big kobolds (Sewer)
  A bullfrog (D:5)
  Dowan (D:7)
  A scorpion (D:6)
  10 killer bees
  A howler monkey (D:6)
  3 wights (D:6)
  3 crimson imps (D:5)
  A centaur zombie (D:5)
  2 hounds (D:6)
  A jelly (D:8)
  An orc priest (D:5)
  An iguana (D:6)
  5 orc wizards
  3 worker ants
  A hound skeleton (D:3)
  12 adders
  2 river rats (Sewer)
  4 oozes
  An adder skeleton (D:5)
  An adder zombie (D:5)
  4 worms
  2 dart slugs
  6 leopard geckos
  13 orcs
  5 giant cockroaches
  7 hobgoblins
  7 jackals
  8 kobolds
  2 quokkas
  4 ball pythons
  9 bats
  8 frilled lizards
  5 goblins
  2 jackal zombies (D:5)
  A quokka skeleton (D:5)
  6 rats
160 creatures vanquished.

Notes
Turn   | Place    | Note
-------+----------+-------------------------------------------
     0 | D:1      | equalderp2856 the Minotaur Fighter began the quest for the Orb.
     0 | D:1      | Reached XP level 1. HP: 19/19 MP: 0/0
   539 | D:1      | Reached XP level 2. HP: 27/27 MP: 1/1
  1127 | D:2      | Reached XP level 3. HP: 33/33 MP: 2/2
  1292 | D:2      | Reached skill level 3 in Axes
  1592 | D:3      | Reached XP level 4. HP: 28/41 MP: 3/3
  1969 | D:3      | Noticed Ymberti's ghost (amateur DEFE)
  2037 | D:4      | HP: 2/41 [poisoned by Ymberti's ghost]
  2045 | D:4      | HP: 1/41 [poisoned by Ymberti's ghost]
  2293 | D:4      | You fall through a shaft for 2 floors!
  2297 | D:6      | Noticed Frank's ghost (novice OpFi)
  2301 | D:6      | Reached skill level 4 in Axes
  2301 | D:6      | Reached skill level 1 in Dodging
  2301 | D:6      | Reached XP level 5. HP: 33/47 MP: 4/4
  2312 | D:6      | Noticed a centaur
  2312 | D:6      | Noticed an ogre
  2345 | D:5      | Entered Level 5 of the Dungeon
  2483 | D:5      | Reached skill level 5 in Fighting
  2483 | D:5      | Reached XP level 6. HP: 17/56 MP: 5/5
  2507 | D:4      | Reached skill level 5 in Shields
  2652 | D:5      | Found a glowing drain.
  2656 | Sewer    | Entered a sewer
  2665 | Sewer    | Reached skill level 5 in Axes
  2666 | Sewer    | Reached skill level 5 in Armour
  3403 | Sewer    | Paralysed by fainting for 6 turns
  3417 | Sewer    | Reached XP level 7. HP: 41/61 MP: 6/6
  3442 | Sewer    | Paralysed by fainting for 5 turns
  3654 | Sewer    | Reached skill level 6 in Axes
  3715 | D:5      | Found a shattered altar of Ashenzari.
  4209 | D:6      | Reached skill level 7 in Axes
  4209 | D:6      | Reached XP level 8. HP: 63/69 MP: 7/7
  4635 | D:6      | Reached skill level 8 in Axes
  4774 | D:6      | Found a glowing golden altar of the Shining One.
  4790 | D:6      | Found a bloodstained altar of Trog.
  4791 | D:6      | Found a hazy altar of Hepliaklqana.
  4792 | D:6      | Found a shimmering altar of Xom.
  4795 | D:6      | Found a staircase to the Ecumenical Temple.
  5008 | D:6      | Killed Frank's ghost
  5008 | D:6      | Reached skill level 9 in Axes
  5258 | D:6      | Reached XP level 9. HP: 54/75 MP: 8/8
  5586 | D:7      | Noticed Duvessa
  5586 | D:7      | Noticed Dowan
  5614 | D:7      | Killed Duvessa
  5664 | D:7      | Killed Dowan
  5763 | D:7      | Found a sacrificial altar of Ru.
  5869 | D:7      | Found Efopott's Distillery.
  5876 | D:7      | Bought a potion of degeneration for 14 gold pieces
  6998 | D:8      | Reached skill level 10 in Axes
  7049 | D:8      | Noticed a queen bee
  7348 | D:8      | Killed from afar by an orc priest

Skill      XL: |  1  2  3  4  5  6  7  8  9 |
---------------+----------------------------+-----
Fighting       | 4 5 6 |  6.8
Shields        | 4 5 6 7 8 |  8.9
Armour         | 4 5 7 8 |  8.4
Axes           | 3 4 5 7 9 10 | 10.3
Dodging        | 1 2 |  2.5
Stealth        | |  0.6

Action                   |  1- 3 |  4- 6 |  7- 9 || total
-------------------------+-------+-------+-------++-------
Melee: War axe           |   109 |   170 |   336 ||   615
       Headbutt          |    13 |    31 |    57 ||   101
  Use: Potion            |       |     4 |     1 ||     5
       Scroll            |       |       |    14 ||    14
 Stab: Paralysed         |       |       |     1 ||     1
  Eat: Chunk             |     2 |     4 |    13 ||    19
       Fruit             |       |       |     2 ||     2
Armor: Scale mail        |    62 |    50 |       ||   112
       Plate armour      |       |    30 |   185 ||   215
Dodge: Dodged            |    29 |    52 |    80 ||   161
Block: Shield            |    63 |   112 |   210 ||   385
